Islanders vs Flames

Created - 19 novembre 2024 at 07:18

Goals
1 2 3 T
Islanders 3 0 2 5
Flames 2 0 1 3
Shots
1 2 3 T
Islanders 10 3 7 20
Flames 4 10 15 29

GoalsPenalties
1st period
1. Flames , Justin Schultz 1 (Jeff Carter 4, Matty Beniers 10) at 1:18 (PP)
2. Islanders , Teddy Blueger 8 (Matt Dumba 5) at 3:15
3. Islanders , Travis Boyd 3 (Isak Rosen 2, Mikhail Sergachev 11) at 4:54
4. Islanders , Teddy Blueger 9 (Marc-Edouard Vlasic 11, Mikhail Sergachev 12) at 13:30 (PP)
5. Flames , Anders Lee 4 (Trent Frederic 3, Justin Schultz 6) at 18:45
Scott Wedgewood (NYI) for Slashing (Minor) at 1:06 - Barclay Goodrow served the penalty.
Urho Vaakanainen (CGY) for Holding (Minor) at 1:46
Brendan Lemieux (NYI) for Interference (Minor) at 1:46
Jackson LaCombe (CGY) for Roughing (Minor) at 13:18
Jesse Ylonen (NYI) for Hooking (Minor) at 15:42
2nd period
No Goal
No Penalty
3rd period
6. Flames , Anton Lundell 5 (Braden Schneider 7) at 2:09
7. Islanders , Brett Kulak 3 (Kirill Marchenko 4) at 11:10
8. Islanders , Marc-Edouard Vlasic 5 (Casey Cizikas 9) at 17:50
Marc-Edouard Vlasic (NYI) for Interference (Minor) at 12:46
Paul Cotter (CGY) for Hooking (Minor) at 14:52
Barclay Goodrow (NYI) for Hooking (Minor) at 14:52
Goalie Stats
Scott Wedgewood (NYI), 26 saves from 29 shots - (0,897), W, 4-3-0, 60:00 minutes
Tristan Jarry (CGY), 15 saves from 20 shots - (0,750), L, 3-15-1, 60:00 minutes
3 StarsOfficial
1 - Teddy Blueger (NYI)
2 - Justin Schultz (CGY)
3 - Brett Kulak (NYI)
Referees : Ian Walsh and Tim Peel
Linesman : Mark Shewchyk and Brandon Gawryletz
Game Note
No Game Note
Finance
Level 1 -- Attendance: 6000 (100,00%) -- Ticket Income $540,000
Level 2 -- Attendance: 3409 (68,18%) -- Ticket Income $221,585
Level 3 -- Attendance: 1869 (93,45%) -- Ticket Income $65,415
Level 4 -- Attendance: 2964 (74,10%) -- Ticket Income $74,100
Luxury Box -- Attendance: 885 (88,50%) -- Ticket Income $181,425
Game was played at the Staple Arena.
Total Attendance: 15127 (84,04%)
Total Ticket Income: $1,082,525
Other Income: $97,427
Total Income: $1,179,952



Team Name Goals Shots Shots Attemp Shots Blocked PIM HIT PP PK FO%
Islanders 52049610121 / 1 (100%)152%
Flames 3295936201 / 3 (33%)148%

Islanders
Player Name POS G A P +/- PIM HIT SHT SB MP PP MP PP SHT PK MP PK SHT FO% FOT
Barclay GoodrowC0000212116:220:0000:18082% 11
Brendan LemieuxLW0001211013:160:0000:0000% 1
Brett KulakD1011011017:470:0001:3400% 0
Brett SeneyLW000000107:530:0000:400100% 1
Casey CizikasC0111022017:250:0001:40048% 23
Isak RosenRW011000006:460:0000:0000% 0
Jeff PetryD0000000018:580:0000:1200% 0
Jesse YlonenRW0000201016:040:0000:000100% 1
Kirill MarchenkoRW0110020019:400:1202:1200% 1
Kyle OkposoRW0001001113:170:0000:0000% 0
Marc-Edouard VlasicD1120212221:190:1201:1600% 0
Marcus JohanssonLW0000011017:020:1201:1800% 0
Matt DumbaD0112001119:000:0002:0000% 0
Mikhail SergachevD0220000123:210:1202:1600% 0
Simon NemecD0001001019:340:0001:0200% 0
Teddy BluegerC2021033019:260:1212:12050% 26
Travis BoydC101100208:330:0000:00029% 7
Viktor NeuchevC/LW0000001016:050:0000:0000% 0
Flames
Player Name POS G A P +/- PIM HIT SHT SB MP PP MP PP SHT PK MP PK SHT FO% FOT
Anders LeeLW1011017119:241:4900:0000% 0
Anton LundellC1011013015:220:0000:00043% 14
Arthur KaliyevRW0000001014:422:1110:0000% 1
Braden SchneiderD0111031120:412:5200:1200% 0
Erik JohnsonD000-1021023:051:0800:0000% 0
Jackson CatesC/LW/RW000-100007:190:0000:0000% 1
Jackson LaCombeD000-2201016:130:1000:0000% 0
Jeff CarterC011-1011016:392:1100:12075% 12
Justin SchultzD1121021020:412:5210:1200% 0
Matty BeniersC011-1002017:501:2200:00052% 21
Max PaciorettyLW000-2003020:021:4900:00050% 2
Mikael GranlundC/RW000-1032120:301:4900:00013% 8
Nicolas Aube-KubelRW000-100207:290:1000:0000% 0
Nicolas DeslauriersLW0000052012:430:0000:12075% 4
Olli MaattaD000-1000023:051:0800:0000% 0
Paul CotterC000-120007:180:0000:00033% 6
Trent FredericC/RW0111012016:311:0900:00050% 2
Urho VaakanainenD000-2210016:130:1000:0000% 0

Islanders

5 vs 5 Forward
Line #Left WingCenterRight WingPHYDFOFWanted %Time %Time Play
1Marcus JohanssonTeddy BluegerKirill Marchenko1223130%15:32
2Viktor NeuchevBarclay GoodrowJesse Ylonen1223131%16:05
3Brendan LemieuxCasey CizikasKyle Okposo1222626%13:17
4Brett SeneyTravis BoydIsak Rosen1221213%6:46
5 vs 5 Defense
Line #DefenseDefensePHYDFOFWanted %Time %Time Play
1Mikhail SergachevJeff Petry1223636%18:46
2Simon NemecMarc-Edouard Vlasic1223533%17:13
3Brett KulakMatt Dumba1222930%15:41
4Mikhail SergachevJeff Petry12200%0:00
Power Play Forward
Line #Left WingCenterRight WingPHYDFOFWanted %Time %Time Play
1Marcus JohanssonKirill MarchenkoTeddy Blueger12255100%0:12
2Jesse YlonenCasey CizikasTravis Boyd122450%0:00
Power Play Defense
Line #DefenseDefensePHYDFOFWanted %Time %Time Play
1Mikhail SergachevMarc-Edouard Vlasic12255100%0:12
2Brett KulakMatt Dumba122450%0:00
Penalty Kill 4 Players Forward
Line #CenterWingPHYDFOFWanted %Time %Time Play
1Teddy BluegerKirill Marchenko1225560%2:30
2Casey CizikasMarcus Johansson1224540%1:40
Penalty Kill 4 Players Defense
Line #DefenseDefensePHYDFOFWanted %Time %Time Play
1Mikhail SergachevBrett Kulak1225540%1:39
2Marc-Edouard VlasicMatt Dumba1224560%2:31
Penalty Kill 3 Players
Line #WingPHYDFOFWanted %Time %Time PlayDefenseDefensePHYDFOFWanted %Time %Time Play
1Casey Cizikas122550%0:00 Mikhail SergachevBrett Kulak122550%0:00
2Teddy Blueger122450%0:00 Marc-Edouard VlasicMatt Dumba122450%0:00
4 vs 4 Forward
Line #CenterWingPHYDFOFWanted %Time %Time Play
1Teddy BluegerTravis Boyd1225556%2:14
2Casey CizikasKirill Marchenko1224544%1:44
4 vs 4 Defense
Line #DefensePHYDFOFWanted %Time %Time Play
1Mikhail SergachevMarc-Edouard Vlasic1225567%55% - 2:39
2Simon NemecMatt Dumba1224533%45% - 1:19
Last Minutes Offensive
Left WingCenterRight WingDefenseDefense
Jesse YlonenTravis BoydMarcus JohanssonMikhail SergachevMarc-Edouard Vlasic
Last Minutes Defensive
Left WingCenterRight WingDefenseDefense
Jesse YlonenTravis BoydMarcus JohanssonMikhail SergachevMarc-Edouard Vlasic
Time
Total ForwardTotal DefenseLast Minutes OffensiveLast Minutes Defensive
60:00 60:00 0:000:00
Extra Forwards
Normal PowerPlayPenalty Kill
Casey Cizikas, Teddy Blueger, Kirill MarchenkoCasey Cizikas, Teddy BluegerKirill Marchenko
Extra Defensemen
Normal PowerPlayPenalty Kill
Brett Kulak, Mikhail Sergachev, Matt DumbaBrett Kulak, Matt DumbaMikhail Sergachev
Penalty Shots
Kirill Marchenko, Teddy Blueger, Casey Cizikas, Jesse Ylonen, Barclay Goodrow
Goalie
Scott Wedgewood, Carter Hart
Scratches
Alex Belzile (Sprained Right Knee Injury), Sam Montembeault (Healthy), Elvis Merzlikins (Healthy)

Flames

5 vs 5 Forward
Line #Left WingCenterRight WingPHYDFOFWanted %Time %Time Play
1Max PaciorettyMatty BeniersMikael Granlund1223432%16:28
2Anders LeeAnton LundellTrent Frederic1223330%15:22
3Nicolas DeslauriersJeff CarterArthur Kaliyev2212424%12:31
4Jackson CatesPaul CotterNicolas Aube-Kubel230914%7:19
5 vs 5 Defense
Line #DefenseDefensePHYDFOFWanted %Time %Time Play
1Erik JohnsonOlli Maatta1223434%17:24
2Braden SchneiderJustin Schultz1223331%15:52
3Urho VaakanainenJackson LaCombe1222431%15:48
4Erik JohnsonOlli Maatta12295%2:36
Power Play Forward
Line #Left WingCenterRight WingPHYDFOFWanted %Time %Time Play
1Max PaciorettyMikael GranlundAnders Lee1225544%1:49
2Jeff CarterMatty BeniersArthur Kaliyev1224556%2:21
Power Play Defense
Line #DefenseDefensePHYDFOFWanted %Time %Time Play
1Erik JohnsonOlli Maatta1225531%1:18
2Braden SchneiderJustin Schultz1224569%2:52
Penalty Kill 4 Players Forward
Line #CenterWingPHYDFOFWanted %Time %Time Play
1Anton LundellJeff Carter12255100%0:12
2Matty BeniersAnders Lee122450%0:00
Penalty Kill 4 Players Defense
Line #DefenseDefensePHYDFOFWanted %Time %Time Play
1Erik JohnsonOlli Maatta122550%0:00
2Braden SchneiderJustin Schultz12245100%0:12
Penalty Kill 3 Players
Line #WingPHYDFOFWanted %Time %Time PlayDefenseDefensePHYDFOFWanted %Time %Time Play
1Mikael Granlund122550%0:00 Erik JohnsonOlli Maatta122550%0:00
2Anton Lundell122450%0:00 Braden SchneiderJustin Schultz122450%0:00
4 vs 4 Forward
Line #CenterWingPHYDFOFWanted %Time %Time Play
1Mikael GranlundAnders Lee1225556%2:13
2Jeff CarterMax Pacioretty1224544%1:45
4 vs 4 Defense
Line #DefensePHYDFOFWanted %Time %Time Play
1Erik JohnsonOlli Maatta1225556%55% - 2:13
2Braden SchneiderJustin Schultz1224544%45% - 1:45
Last Minutes Offensive
Left WingCenterRight WingDefenseDefense
Max PaciorettyMikael GranlundArthur KaliyevErik JohnsonOlli Maatta
Last Minutes Defensive
Left WingCenterRight WingDefenseDefense
Max PaciorettyMikael GranlundArthur KaliyevErik JohnsonOlli Maatta
Time
Total ForwardTotal DefenseLast Minutes OffensiveLast Minutes Defensive
60:00 60:00 0:000:00
Extra Forwards
Normal PowerPlayPenalty Kill
Matty Beniers, Trent Frederic, Nicolas DeslauriersMatty Beniers, Trent FredericNicolas Deslauriers
Extra Defensemen
Normal PowerPlayPenalty Kill
Urho Vaakanainen, Jackson LaCombe, Braden SchneiderUrho Vaakanainen, Jackson LaCombeBraden Schneider
Penalty Shots
Mikael Granlund, Matty Beniers, Max Pacioretty, Anders Lee, Anton Lundell
Goalie
Tristan Jarry, Daniil Tarasov
Scratches
Cal Foote (Healthy), Mikhail Maltsev (Healthy), Dan Vladar (Healthy)


Play-by-Play

1st period


0:01 of 1st period - Matty Beniers wins face-off versus Teddy Blueger in neutral zone.
0:42 of 1st period - Shot by Mikael Granlund.
0:42 of 1st period - Shot Misses the Net.
1:06 of 1st period - Shot by Trent Frederic.
1:06 of 1st period - Stopped by Scott Wedgewood without a rebound.
1:06 of 1st period - Minor Penalty to Scott Wedgewood for Slashing.
1:07 of 1st period - Matty Beniers wins face-off versus Teddy Blueger in Islanders zone.
1:16 of 1st period - Shot by Justin Schultz.
1:16 of 1st period - Shot Misses the Net.
1:18 of 1st period - Shot by Justin Schultz.
1:18 of 1st period - Goal by Justin Schultz - Islanders : 0 - Flames : 1.
1:19 of 1st period - Casey Cizikas wins face-off versus Paul Cotter in neutral zone.
1:46 of 1st period - Minor Penalty to Urho Vaakanainen for Holding.
1:46 of 1st period - Minor Penalty to Brendan Lemieux for Interference.
1:47 of 1st period - Teddy Blueger wins face-off versus Mikael Granlund in Flames zone.
1:54 of 1st period - Shot by Marc-Edouard Vlasic.
1:54 of 1st period - Stopped by Tristan Jarry with a rebound.
1:57 of 1st period - Icing by Erik Johnson.
1:58 of 1st period - Mikael Granlund wins face-off versus Casey Cizikas in Flames zone.
1:58 of 1st period - Mikael Granlund is hit by Casey Cizikas.
2:13 of 1st period - Shot by Kirill Marchenko.
2:13 of 1st period - Shot Blocked by Mikael Granlund.
3:15 of 1st period - Shot by Teddy Blueger.
3:15 of 1st period - Goal by Teddy Blueger - Islanders : 1 - Flames : 1.
3:16 of 1st period - Teddy Blueger wins face-off versus Jeff Carter in neutral zone.
4:29 of 1st period - Jackson LaCombe is hit by Barclay Goodrow and loses puck.
4:52 of 1st period - Shot by Travis Boyd.
4:52 of 1st period - Shot Misses the Net.
4:54 of 1st period - Shot by Isak Rosen.
4:54 of 1st period - Deflect By Travis Boyd.
4:54 of 1st period - Goal by Travis Boyd - Islanders : 2 - Flames : 1.
4:55 of 1st period - Anton Lundell wins face-off versus Casey Cizikas in neutral zone.
5:07 of 1st period - Icing by Casey Cizikas.
5:08 of 1st period - Jeff Carter wins face-off versus Casey Cizikas in Islanders zone.
5:27 of 1st period - Shot by Kyle Okposo.
5:27 of 1st period - Deflect By Casey Cizikas.
5:27 of 1st period - Stopped by Tristan Jarry without a rebound.
5:28 of 1st period - Anton Lundell wins face-off versus Teddy Blueger in Flames zone.
5:51 of 1st period - Shot by Jeff Petry.
5:51 of 1st period - Shot Misses the Net.
5:53 of 1st period - Shot by Mikhail Sergachev.
5:53 of 1st period - Shot Misses the Net.
5:55 of 1st period - Shot by Teddy Blueger.
5:55 of 1st period - Deflect By Kirill Marchenko.
5:55 of 1st period - Shot Misses the Net.
5:57 of 1st period - Shot by Teddy Blueger.
5:57 of 1st period - Shot Misses the Net.
7:54 of 1st period - Icing by Brett Kulak.
7:55 of 1st period - Jeff Carter wins face-off versus Casey Cizikas in Islanders zone.
8:00 of 1st period - Shot by Nicolas Deslauriers.
8:00 of 1st period - Stopped by Scott Wedgewood without a rebound.
8:01 of 1st period - Jeff Carter wins face-off versus Teddy Blueger in Islanders zone.
8:25 of 1st period - Marcus Johansson is hit by Jeff Carter and loses puck.
8:43 of 1st period - Kirill Marchenko is hit by Urho Vaakanainen and loses puck.
8:53 of 1st period - Urho Vaakanainen is hit by Marc-Edouard Vlasic and loses puck.
9:05 of 1st period - Marc-Edouard Vlasic is hit by Nicolas Deslauriers.
10:00 of 1st period - Shot by Viktor Neuchev.
10:00 of 1st period - Stopped by Tristan Jarry without a rebound.
10:01 of 1st period - Casey Cizikas wins face-off versus Anton Lundell in Flames zone.
11:03 of 1st period - Icing by Jeff Petry.
11:04 of 1st period - Matty Beniers wins face-off versus Casey Cizikas in Islanders zone.
11:41 of 1st period - Shot by Matty Beniers.
11:41 of 1st period - Shot Blocked by Marc-Edouard Vlasic.
11:47 of 1st period - Shot by Teddy Blueger.
11:47 of 1st period - Stopped by Tristan Jarry without a rebound.
11:48 of 1st period - Barclay Goodrow wins face-off versus Jackson Cates in Flames zone.
11:53 of 1st period - Shot by Jesse Ylonen.
11:53 of 1st period - Shot Misses the Net.
12:17 of 1st period - Shot by Paul Cotter.
12:17 of 1st period - Deflect By Nicolas Aube-Kubel.
12:17 of 1st period - Shot Misses the Net.
12:19 of 1st period - Shot by Nicolas Aube-Kubel.
12:19 of 1st period - Shot Misses the Net.
12:45 of 1st period - Shot by Anton Lundell.
12:45 of 1st period - Deflect By Trent Frederic.
12:45 of 1st period - Shot Misses the Net.
13:18 of 1st period - Minor Penalty to Jackson LaCombe for Roughing.
13:19 of 1st period - Nicolas Deslauriers wins face-off versus Kirill Marchenko in Flames zone.
13:19 of 1st period - Jeff Carter is hit by Kirill Marchenko and loses puck.
13:30 of 1st period - Shot by Teddy Blueger.
13:30 of 1st period - Goal by Teddy Blueger - Islanders : 3 - Flames : 1.
13:31 of 1st period - Matty Beniers wins face-off versus Travis Boyd in neutral zone.
13:46 of 1st period - Shot by Travis Boyd.
13:46 of 1st period - Shot Misses the Net.
14:27 of 1st period - Icing by Olli Maatta.
14:28 of 1st period - Nicolas Deslauriers wins face-off versus Teddy Blueger in Flames zone.
14:56 of 1st period - Shot by Simon Nemec.
14:56 of 1st period - Shot Misses the Net.
15:00 of 1st period - Shot by Kirill Marchenko.
15:00 of 1st period - Shot Misses the Net.
15:02 of 1st period - Shot by Kirill Marchenko.
15:02 of 1st period - Deflect By Marcus Johansson.
15:02 of 1st period - Stopped by Tristan Jarry with a rebound.
15:07 of 1st period - Icing by Erik Johnson.
15:08 of 1st period - Barclay Goodrow wins face-off versus Arthur Kaliyev in Flames zone.
15:42 of 1st period - Minor Penalty to Jesse Ylonen for Hooking.
15:43 of 1st period - Teddy Blueger wins face-off versus Mikael Granlund in Islanders zone.
15:43 of 1st period - Teddy Blueger is hit by Anders Lee.
16:01 of 1st period - Shot by Marcus Johansson.
16:01 of 1st period - Shot Blocked by Anders Lee.
16:16 of 1st period - Icing by Braden Schneider.
16:17 of 1st period - Teddy Blueger wins face-off versus Mikael Granlund in Flames zone.
16:49 of 1st period - Shot by Casey Cizikas.
16:49 of 1st period - Shot Misses the Net.
18:11 of 1st period - Shot by Barclay Goodrow.
18:11 of 1st period - Shot Misses the Net.
18:13 of 1st period - Shot by Mikhail Sergachev.
18:13 of 1st period - Shot Misses the Net.
18:15 of 1st period - Shot by Jesse Ylonen.
18:15 of 1st period - Stopped by Tristan Jarry with a rebound.
18:43 of 1st period - Shot by Anders Lee.
18:43 of 1st period - Shot Misses the Net.
18:45 of 1st period - Shot by Trent Frederic.
18:45 of 1st period - Deflect By Anders Lee.
18:45 of 1st period - Goal by Anders Lee - Islanders : 3 - Flames : 2.
18:46 of 1st period - Max Pacioretty wins face-off versus Casey Cizikas in neutral zone.
18:56 of 1st period - Icing by Casey Cizikas.
18:57 of 1st period - Jeff Carter wins face-off versus Casey Cizikas in Islanders zone.
19:13 of 1st period - Icing by Brett Kulak.
19:14 of 1st period - Matty Beniers wins face-off versus Casey Cizikas in Islanders zone.
19:37 of 1st period - Shot by Casey Cizikas.
19:37 of 1st period - Deflect By Brendan Lemieux.
19:37 of 1st period - Shot Misses the Net.
19:39 of 1st period - Shot by Kyle Okposo.
19:39 of 1st period - Shot Misses the Net.
19:41 of 1st period - Shot by Casey Cizikas.
19:41 of 1st period - Stopped by Tristan Jarry without a rebound.
19:42 of 1st period - Anton Lundell wins face-off versus Teddy Blueger in Flames zone.
19:42 of 1st period - Anton Lundell is hit by Teddy Blueger.
Goals for this period are 3 for Islanders vs 2 for Flames.
Shots for this period are 10 for Islanders vs 4 for Flames.

2nd period


0:01 of 2nd period - Matty Beniers wins face-off versus Teddy Blueger in neutral zone.
0:28 of 2nd period - Shot by Mikael Granlund.
0:28 of 2nd period - Stopped by Scott Wedgewood with a rebound.
0:30 of 2nd period - Shot by Max Pacioretty.
0:30 of 2nd period - Stopped by Scott Wedgewood with a rebound.
0:41 of 2nd period - Off-side.
0:42 of 2nd period - Barclay Goodrow wins face-off versus Anton Lundell in neutral zone.
1:22 of 2nd period - Shot by Erik Johnson.
1:22 of 2nd period - Stopped by Scott Wedgewood without a rebound.
1:23 of 2nd period - Jeff Carter wins face-off versus Casey Cizikas in Islanders zone.
1:49 of 2nd period - Off-side.
1:50 of 2nd period - Matty Beniers wins face-off versus Teddy Blueger in neutral zone.
1:50 of 2nd period - Braden Schneider is hit by Teddy Blueger and loses puck.
2:05 of 2nd period - Shot by Teddy Blueger.
2:05 of 2nd period - Shot Misses the Net.
2:07 of 2nd period - Shot by Teddy Blueger.
2:07 of 2nd period - Shot Misses the Net.
2:09 of 2nd period - Shot by Kirill Marchenko.
2:09 of 2nd period - Shot Misses the Net.
2:11 of 2nd period - Shot by Teddy Blueger.
2:11 of 2nd period - Shot Blocked by Braden Schneider.
2:21 of 2nd period - Marc-Edouard Vlasic is hit by Mikael Granlund and loses puck.
2:27 of 2nd period - Simon Nemec is hit by Braden Schneider and loses puck.
3:49 of 2nd period - Icing by Matt Dumba.
3:50 of 2nd period - Nicolas Deslauriers wins face-off versus Casey Cizikas in Islanders zone.
3:50 of 2nd period - Jackson LaCombe is hit by Brett Kulak and loses puck.
4:09 of 2nd period - Shot by Jeff Carter.
4:09 of 2nd period - Stopped by Scott Wedgewood with a rebound.
4:11 of 2nd period - Shot by Urho Vaakanainen.
4:11 of 2nd period - Shot Blocked by Kyle Okposo.
4:13 of 2nd period - Shot by Jeff Carter.
4:13 of 2nd period - Shot Misses the Net.
4:15 of 2nd period - Shot by Jackson LaCombe.
4:15 of 2nd period - Shot Misses the Net.
4:17 of 2nd period - Shot by Jackson LaCombe.
4:17 of 2nd period - Stopped by Scott Wedgewood without a rebound.
4:18 of 2nd period - Matty Beniers wins face-off versus Teddy Blueger in Islanders zone.
4:19 of 2nd period - Shot by Max Pacioretty.
4:19 of 2nd period - Stopped by Scott Wedgewood without a rebound.
4:20 of 2nd period - Teddy Blueger wins face-off versus Matty Beniers in Islanders zone.
4:24 of 2nd period - Marc-Edouard Vlasic is hit by Braden Schneider.
4:31 of 2nd period - Icing by Justin Schultz.
4:32 of 2nd period - Barclay Goodrow wins face-off versus Matty Beniers in Flames zone.
6:24 of 2nd period - Shot by Anton Lundell.
6:24 of 2nd period - Shot Misses the Net.
7:12 of 2nd period - Shot by Nicolas Deslauriers.
7:12 of 2nd period - Shot Blocked by Mikhail Sergachev.
7:37 of 2nd period - Shot by Paul Cotter.
7:37 of 2nd period - Shot Misses the Net.
7:49 of 2nd period - Shot by Nicolas Aube-Kubel.
7:49 of 2nd period - Stopped by Scott Wedgewood without a rebound.
7:50 of 2nd period - Matty Beniers wins face-off versus Teddy Blueger in Islanders zone.
8:07 of 2nd period - Shot by Max Pacioretty.
8:07 of 2nd period - Stopped by Scott Wedgewood without a rebound.
8:08 of 2nd period - Paul Cotter wins face-off versus Barclay Goodrow in Islanders zone.
8:26 of 2nd period - Shot by Nicolas Aube-Kubel.
8:26 of 2nd period - Stopped by Scott Wedgewood without a rebound.
8:27 of 2nd period - Anton Lundell wins face-off versus Teddy Blueger in Islanders zone.
8:32 of 2nd period - Shot by Anton Lundell.
8:32 of 2nd period - Stopped by Scott Wedgewood without a rebound.
8:33 of 2nd period - Teddy Blueger wins face-off versus Mikael Granlund in Islanders zone.
8:41 of 2nd period - Icing by Mikael Granlund.
8:42 of 2nd period - Casey Cizikas wins face-off versus Matty Beniers in Flames zone.
8:51 of 2nd period - Shot by Simon Nemec.
8:51 of 2nd period - Stopped by Tristan Jarry with a rebound.
8:53 of 2nd period - Shot by Brendan Lemieux.
8:53 of 2nd period - Stopped by Tristan Jarry without a rebound.
8:54 of 2nd period - Teddy Blueger wins face-off versus Anton Lundell in Flames zone.
10:02 of 2nd period - Anton Lundell is hit by Casey Cizikas and loses puck.
10:29 of 2nd period - Shot by Casey Cizikas.
10:29 of 2nd period - Shot Misses the Net.
10:45 of 2nd period - Matt Dumba is hit by Trent Frederic and loses puck.
11:12 of 2nd period - Shot by Barclay Goodrow.
11:12 of 2nd period - Shot Misses the Net.
12:12 of 2nd period - Teddy Blueger is hit by Nicolas Deslauriers and loses puck.
12:52 of 2nd period - Icing by Paul Cotter.
12:53 of 2nd period - Barclay Goodrow wins face-off versus Paul Cotter in Flames zone.
12:53 of 2nd period - Barclay Goodrow is hit by Braden Schneider.
13:44 of 2nd period - Icing by Jesse Ylonen.
13:45 of 2nd period - Jesse Ylonen wins face-off versus Matty Beniers in Islanders zone.
13:45 of 2nd period - Jesse Ylonen is hit by Mikael Granlund.
15:06 of 2nd period - Icing by Arthur Kaliyev.
15:07 of 2nd period - Jeff Carter wins face-off versus Teddy Blueger in Flames zone.
15:07 of 2nd period - Jeff Carter is hit by Teddy Blueger.
15:33 of 2nd period - Shot by Teddy Blueger.
15:33 of 2nd period - Shot Misses the Net.
16:08 of 2nd period - Icing by Matt Dumba.
16:09 of 2nd period - Travis Boyd wins face-off versus Matty Beniers in Islanders zone.
16:11 of 2nd period - Icing by Matt Dumba.
16:12 of 2nd period - Travis Boyd wins face-off versus Max Pacioretty in Islanders zone.
16:39 of 2nd period - Shot by Matt Dumba.
16:39 of 2nd period - Stopped by Tristan Jarry without a rebound.
16:40 of 2nd period - Barclay Goodrow wins face-off versus Anton Lundell in Flames zone.
17:59 of 2nd period - Shot by Mikael Granlund.
17:59 of 2nd period - Shot Misses the Net.
18:03 of 2nd period - Shot by Matty Beniers.
18:03 of 2nd period - Shot Misses the Net.
18:05 of 2nd period - Shot by Mikael Granlund.
18:05 of 2nd period - Shot Misses the Net.
18:07 of 2nd period - Shot by Matty Beniers.
18:07 of 2nd period - Shot Misses the Net.
19:28 of 2nd period - Brendan Lemieux is hit by Nicolas Deslauriers and loses puck.
19:35 of 2nd period - Arthur Kaliyev is hit by Brendan Lemieux and loses puck.
Goals for this period are 0 for Islanders vs 0 for Flames.
Shots for this period are 3 for Islanders vs 10 for Flames.

3rd period


0:01 of 3rd period - Barclay Goodrow wins face-off versus Mikael Granlund in neutral zone.
0:26 of 3rd period - Shot by Max Pacioretty.
0:26 of 3rd period - Shot Blocked by Barclay Goodrow.
0:28 of 3rd period - Shot by Erik Johnson.
0:28 of 3rd period - Shot Misses the Net.
0:30 of 3rd period - Shot by Erik Johnson.
0:30 of 3rd period - Shot Blocked by Marc-Edouard Vlasic.
0:32 of 3rd period - Shot by Erik Johnson.
0:32 of 3rd period - Shot Misses the Net.
1:13 of 3rd period - Off-side.
1:14 of 3rd period - Teddy Blueger wins face-off versus Jeff Carter in neutral zone.
2:07 of 3rd period - Shot by Anton Lundell.
2:07 of 3rd period - Stopped by Scott Wedgewood with a rebound.
2:09 of 3rd period - Shot by Anton Lundell.
2:09 of 3rd period - Goal by Anton Lundell - Islanders : 3 - Flames : 3.
2:10 of 3rd period - Casey Cizikas wins face-off versus Matty Beniers in neutral zone.
2:41 of 3rd period - Shot by Matty Beniers.
2:41 of 3rd period - Shot Blocked by Matt Dumba.
2:43 of 3rd period - Shot by Mikael Granlund.
2:43 of 3rd period - Deflect By Matty Beniers.
2:43 of 3rd period - Stopped by Scott Wedgewood without a rebound.
2:44 of 3rd period - Anton Lundell wins face-off versus Travis Boyd in Islanders zone.
2:45 of 3rd period - Shot by Anders Lee.
2:45 of 3rd period - Shot Misses the Net.
2:47 of 3rd period - Shot by Trent Frederic.
2:47 of 3rd period - Stopped by Scott Wedgewood with a rebound.
2:57 of 3rd period - Shot by Trent Frederic.
2:57 of 3rd period - Shot Misses the Net.
3:03 of 3rd period - Shot by Anders Lee.
3:03 of 3rd period - Stopped by Scott Wedgewood with a rebound.
3:07 of 3rd period - Shot by Anders Lee.
3:07 of 3rd period - Stopped by Scott Wedgewood without a rebound.
3:08 of 3rd period - Jeff Carter wins face-off versus Barclay Goodrow in Islanders zone.
3:23 of 3rd period - Barclay Goodrow is hit by Nicolas Deslauriers and loses puck.
4:00 of 3rd period - Jeff Carter is hit by Kirill Marchenko and loses puck.
4:06 of 3rd period - Icing by Jeff Carter.
4:07 of 3rd period - Casey Cizikas wins face-off versus Nicolas Deslauriers in Flames zone.
4:21 of 3rd period - Icing by Simon Nemec.
4:22 of 3rd period - Casey Cizikas wins face-off versus Anton Lundell in Islanders zone.
4:35 of 3rd period - Shot by Casey Cizikas.
4:35 of 3rd period - Shot Misses the Net.
4:50 of 3rd period - Icing by Marc-Edouard Vlasic.
4:51 of 3rd period - Matty Beniers wins face-off versus Casey Cizikas in Islanders zone.
4:54 of 3rd period - Shot by Matty Beniers.
4:54 of 3rd period - Stopped by Scott Wedgewood without a rebound.
4:55 of 3rd period - Teddy Blueger wins face-off versus Matty Beniers in Islanders zone.
5:21 of 3rd period - Teddy Blueger is hit by Justin Schultz.
5:27 of 3rd period - Shot by Kirill Marchenko.
5:27 of 3rd period - Shot Misses the Net.
6:13 of 3rd period - Shot by Anders Lee.
6:13 of 3rd period - Stopped by Scott Wedgewood without a rebound.
6:14 of 3rd period - Jeff Carter wins face-off versus Casey Cizikas in Islanders zone.
6:37 of 3rd period - Shot by Kyle Okposo.
6:37 of 3rd period - Stopped by Tristan Jarry without a rebound.
6:38 of 3rd period - Barclay Goodrow wins face-off versus Anton Lundell in Flames zone.
6:53 of 3rd period - Shot by Anders Lee.
6:53 of 3rd period - Stopped by Scott Wedgewood without a rebound.
6:54 of 3rd period - Matty Beniers wins face-off versus Travis Boyd in Islanders zone.
7:30 of 3rd period - Off-side.
7:31 of 3rd period - Teddy Blueger wins face-off versus Anton Lundell in neutral zone.
7:31 of 3rd period - Teddy Blueger is hit by Anton Lundell.
7:36 of 3rd period - Teddy Blueger is hit by Erik Johnson and loses puck.
8:12 of 3rd period - Marcus Johansson is hit by Erik Johnson and loses puck.
8:53 of 3rd period - Barclay Goodrow is hit by Nicolas Deslauriers and loses puck.
9:43 of 3rd period - Off-side.
9:44 of 3rd period - Paul Cotter wins face-off versus Travis Boyd in neutral zone.
9:46 of 3rd period - Off-side.
9:47 of 3rd period - Casey Cizikas wins face-off versus Paul Cotter in neutral zone.
10:03 of 3rd period - Shot by Erik Johnson.
10:03 of 3rd period - Shot Misses the Net.
10:05 of 3rd period - Shot by Nicolas Aube-Kubel.
10:05 of 3rd period - Shot Misses the Net.
10:55 of 3rd period - Shot by Anders Lee.
10:55 of 3rd period - Stopped by Scott Wedgewood without a rebound.
10:56 of 3rd period - Teddy Blueger wins face-off versus Matty Beniers in Islanders zone.
10:56 of 3rd period - Kirill Marchenko is hit by Mikael Granlund and loses puck.
11:10 of 3rd period - Shot by Brett Kulak.
11:10 of 3rd period - Goal by Brett Kulak - Islanders : 4 - Flames : 3.
11:11 of 3rd period - Jeff Carter wins face-off versus Travis Boyd in neutral zone.
11:32 of 3rd period - Brett Seney is hit by Justin Schultz.
11:46 of 3rd period - Shot by Nicolas Deslauriers.
11:46 of 3rd period - Stopped by Scott Wedgewood without a rebound.
11:47 of 3rd period - Teddy Blueger wins face-off versus Matty Beniers in Islanders zone.
12:22 of 3rd period - Max Pacioretty is hit by Marcus Johansson and loses puck.
12:46 of 3rd period - Minor Penalty to Marc-Edouard Vlasic for Interference.
12:47 of 3rd period - Casey Cizikas wins face-off versus Trent Frederic in Islanders zone.
13:07 of 3rd period - Icing by Jeff Carter.
13:08 of 3rd period - Trent Frederic wins face-off versus Teddy Blueger in Flames zone.
14:37 of 3rd period - Shot by Braden Schneider.
14:37 of 3rd period - Deflect By Arthur Kaliyev.
14:37 of 3rd period - Shot Misses the Net.
14:39 of 3rd period - Shot by Jeff Carter.
14:39 of 3rd period - Shot Misses the Net.
14:41 of 3rd period - Shot by Arthur Kaliyev.
14:41 of 3rd period - Stopped by Scott Wedgewood with a rebound.
14:52 of 3rd period - Minor Penalty to Paul Cotter for Hooking.
14:52 of 3rd period - Minor Penalty to Barclay Goodrow for Hooking.
14:53 of 3rd period - Casey Cizikas wins face-off versus Mikael Granlund in neutral zone.
15:10 of 3rd period - Shot by Anders Lee.
15:10 of 3rd period - Shot Misses the Net.
15:18 of 3rd period - Shot by Mikael Granlund.
15:18 of 3rd period - Shot Misses the Net.
15:44 of 3rd period - Shot by Braden Schneider.
15:44 of 3rd period - Stopped by Scott Wedgewood with a rebound.
16:03 of 3rd period - Icing by Max Pacioretty.
16:04 of 3rd period - Casey Cizikas wins face-off versus Jeff Carter in Flames zone.
16:21 of 3rd period - Shot by Casey Cizikas.
16:21 of 3rd period - Shot Misses the Net.
16:35 of 3rd period - Shot by Mikael Granlund.
16:35 of 3rd period - Stopped by Scott Wedgewood without a rebound.
16:36 of 3rd period - Teddy Blueger wins face-off versus Mikael Granlund in Islanders zone.
17:26 of 3rd period - Shot by Jesse Ylonen.
17:26 of 3rd period - Shot Hit the Post.
17:28 of 3rd period - Shot by Barclay Goodrow.
17:28 of 3rd period - Shot Misses the Net.
17:35 of 3rd period - Icing by Jackson LaCombe.
17:36 of 3rd period - Brett Seney wins face-off versus Paul Cotter in Flames zone.
17:46 of 3rd period - Shot by Travis Boyd.
17:46 of 3rd period - Stopped by Tristan Jarry with a rebound.
17:48 of 3rd period - Shot by Brett Seney.
17:48 of 3rd period - Stopped by Tristan Jarry without a rebound.
17:49 of 3rd period - Casey Cizikas wins face-off versus Anton Lundell in Flames zone.
17:50 of 3rd period - Shot by Marc-Edouard Vlasic.
17:50 of 3rd period - Goal by Marc-Edouard Vlasic - Islanders : 5 - Flames : 3.
17:51 of 3rd period - Anton Lundell wins face-off versus Brendan Lemieux in neutral zone.
18:02 of 3rd period - Shot by Anders Lee.
18:02 of 3rd period - Stopped by Scott Wedgewood without a rebound.
18:03 of 3rd period - Barclay Goodrow wins face-off versus Matty Beniers in Islanders zone.
18:27 of 3rd period - Shot by Barclay Goodrow.
18:27 of 3rd period - Stopped by Tristan Jarry with a rebound.
18:41 of 3rd period - Shot by Barclay Goodrow.
18:41 of 3rd period - Stopped by Tristan Jarry with a rebound.
18:43 of 3rd period - Shot by Jesse Ylonen.
18:43 of 3rd period - Shot Misses the Net.
Goals for this period are 2 for Islanders vs 1 for Flames.
Shots for this period are 7 for Islanders vs 15 for Flames.